 Dungeon Crawl Stone Soup version 0.30-a0-777-ga9a30cbeda (webtiles) character file.

Game seed: 8791029126868211144

56 Hubris850 the Chopper (level 3, -5/31 HPs)
             Began as a Hill Orc Gladiator on Feb 14, 2023.
             Killed by divine providence
             ... invoked by an orc priest
              (14 damage)
             ... on level 3 of the Dungeon.
             The game lasted 00:03:30 (1792 turns).

Hubris850 the Chopper (Hill Orc Gladiator)          Turns: 1792, Time: 00:03:31

Health: -5/31      AC:  7    Str: 18    XL:     3   Next: 95%
Magic:  3/3        EV: 11    Int:  8    God:
Gold:   130        SH:  0    Dex: 12    Spells: 2/2 levels left

rFire   . . .      SeeInvis .    a - +0 war axe
rCold   . . .      Faith    .    (no shield)
rNeg    . . .      Spirit   .    n - +1 ring mail of Zuybes {Stlth+}
rPois   .          Reflect  .    c - +0 helmet
rElec   .          Harm     +    l - scarf {harm}
rCorr   .          Rampage  .    (no gloves)
Will    .....                    (no boots)
Stlth   ++                       (no amulet)
HPRegen 0.25/turn                (no ring)
MPRegen 0.08/turn                (no ring)

@: no status effects
A: no striking features
a: Convert to Beogh


You were on level 3 of the Dungeon.
You visited 1 branch of the dungeon, and saw 3 of its levels.

You collected 130 gold pieces.

Inventory:

Hand Weapons
 a - a +0 war axe (weapon)
Missiles
 d - 3 throwing nets (quivered)
 e - 7 javelins
Armour
 b - a +0 leather armour
 c - a +0 helmet (worn)
 g - a +0 ring mail
 l - a scarf of harm (worn)
 n - the +1 ring mail of Zuybes (worn) {Stlth+}
   (You found it on level 2 of the Dungeon)

   Stlth:     It makes you more stealthy.
Jewellery
 p - a ring of fire
Wands
 w - a wand of iceblast (14)
Scrolls
 k - 2 scrolls of identify {unknown}
 o - 2 scrolls of teleportation {unknown}
 q - a scroll of noise {unknown}
 r - a scroll of immolation {unknown}
 s - a scroll of fog {unknown}
 t - a scroll of blinking {unknown}
 u - a scroll of amnesia {unknown}
 v - 3 scrolls of brand weapon {unknown}
Potions
 f - a potion of curing {unknown}
 h - a potion of brilliance {unknown}
 i - 4 potions of mutation {unknown}
 j - a potion of degeneration {unknown}
 m - a potion of cancellation {unknown}


   Skills:
 - Level 3.0 Fighting
 + Level 4.7 Axes
 + Level 2.4 Throwing
 + Level 1.8 Armour
 - Level 2.4 Dodging


You had 2 spell levels left.
You didn't know any spells.
Your spell library was empty.

Dungeon Overview and Level Annotations

Branches:
Dungeon (3/15)

Altars:

Annotations:
D:3 1 transporter


Message History

The shadow imp shouts!
There is a transporter here.
You enter the transporter and appear at another place.
w - a wand of iceblast (2)
You open the door. The shadow imp gestures at you.
Pain shoots through your body!
There is an open door here.
The orc priest looks satisfied for a moment.
You see here a wand of iceblast (12).
w - a wand of iceblast (14) (gained 12 charges)
The shadow imp shouts, "Get thee hence, thou ducking fly-bitten hedge-pig!"
The shadow imp gestures at you. Pain shoots through your body!
There is an open door here.
You start resting.
The shadow imp shouts, "Despair, thou worthless flat-headed crab-lanthorn!"
The shadow imp shouts, "Embrace thy doom, thou bumbling toot-wallowing ratsbane!"
The shadow imp shouts, "Flee, thou fawning two-tin-hat malt-worm!"
The shadow imp grinds its teeth.
The shadow imp grins evilly.
The orc priest yells repeatedly, as Orcs often do.
HP restored.
There is an open door here.
The shadow imp gestures at you. Pain shoots through your body!
You enter the shallow water.
Moving in this stuff is going to be slow.
The shadow imp gestures at you. Pain shoots through your body!
The orc priest calls down the wrath of Beogh upon you.
Beogh smites you!
The orc priest looks braver for a moment.
The shadow imp gestures at you. Pain shoots through your body!
* * * LOW HITPOINT WARNING * * *
You open the door.
The orc priest invokes the aid of Beogh against you.
Beogh smites you!
You die...

...##..............#
................<..÷.###.#.#
.....(.....#########.##..#)#
#.................#...[.#.#
#.###############.####..#.#
#.#8P#......5#~8#.# #..#.#
##.#P.#≈≈≈≈≈≈≈#.P#.####..#.###
###..#..#..P~~..#.$#.........#..
#...©#©.'..~♣P.@'$©#©..###.#.###
...#..#..#..~~~..#.$#..# ###....
. ##.#P.#≈≈≈≈≈≈≈#.P#.## #.#.#
#.#8P#....o.5#~8#.# #.#.# .#
#.###############.#######.#.#
....#.................##....#.#.#
#......................##...#.#
##########################.....
#####....


You could see an orc priest and 2 shadow imps.

Vanquished Creatures
  An adder (D:2)
  A worm (D:2)
  2 dart slugs
  4 ball pythons
  A bat (D:2)
  3 endoplasms
  2 giant cockroaches
  2 goblins
  5 hobgoblins
  8 jackals (D:2)
  A frilled lizard (D:2)
  2 kobolds (D:1)
  3 rats
35 creatures vanquished.

Notes
Turn   | Place    | Note
-------+----------+-------------------------------------------
     0 | D:1      | Hubris850 the Hill Orc Gladiator began the quest for the
                  | Orb.
     0 | D:1      | Reached XP level 1. HP: 18/18 MP: 1/1
   128 | D:1      | Found a faded altar of an unknown god.
   191 | D:1      | Reached XP level 2. HP: 23/25 MP: 2/2
   568 | D:1      | Reached skill level 1 in Armour
   689 | D:2      | Identified the +1 ring mail of Zuybes {Stlth+}
   767 | D:2      | Reached XP level 3. HP: 18/31 MP: 3/3
   835 | D:2      | Identified the +2 robe "Heif Ric" {Str+3}
   974 | D:2      | You fall into a shaft and drop 1 floor!
  1693 | D:3      | Found a transporter.
  1703 | D:3      | Found a transporter.
  1792 | D:3      | Killed from afar by an orc priest

Illustrated notes

Levels and vault maps discovered:
D:1:      heliophobic_arrival_dark_side_of_the_moon, layout_rooms,
          ebering_ecumenical_altar_ruins, interstate_on_off,
          minmay_crystal_water, minmay_pentomino_x2
D:2:      layout_loops_ring
D:3:      gammafunk_wand_slinger, layout_basic, nicolae_overflow_crystal_walls

Skill      XL: |  1  2 |
---------------+-------+-----
Throwing       | 2 |  2.4
Armour         | 1 |  1.8
Fighting       | 3 |  3.0
Axes           | |  4.7
Dodging        | |  2.4

Action                     || total
---------------------------++-------
  Melee: War axe           ||    69
         Punch             ||     2
 Armour: Ring mail         ||    37
  Dodge: Dodged            ||    42

Table legend: (Time is in decaauts)
 A = Elapsed time spent in this place.
 B = Non-inter-level travel time spent in this place.
 C = Inter-level travel time spent in this place.
 D = Time resting spent in this place.
 E = Time spent auto-exploring this place.
 F = Levels seen in this place.
 G = Mean time per level.
                   A        B        C        D        E       F      G
               +--------+--------+--------+--------+--------+-----+--------+
         Total |   1813 |   1777 |     36 |     58 |   1380 |   3 |  604.3 |
       Dungeon |   1813 |   1777 |     36 |     58 |   1380 |   3 |  604.3 |
               +--------+--------+--------+--------+--------+-----+--------+

Top non-repeatable levels by time:
     D:2: 833 daAuts
     D:1: 694 daAuts
     D:3: 285 daAuts
